Eve, lawful female dwarven Valkyrie --------------- |...........<.| #-)............| ------------- ###-------------|- |`.........`| # |.....`......####%#### | -----...| |.&.|...| | |@}{|`..| |. |&&.|.... |...--.--...| |.....`.....+ .`.........`| ------------- Eve the Skirmisher Experience level: 5 Strength: 18/03 Dexterity: 12 Constitution: 20 Intelligence: 8 Wisdom: 9 Charisma: 9 Health: 0(65) Energy: 9(9) Def: 10 Gold: 751 Moves: 3239 Dungeon seed: J92tD7pbi1numuld Game ID: Eve_1569303377 Your Inventory: Coins $ - 751 gold pieces Weapons a - a thoroughly rusty +1 long sword (weapon in hand) b - a +0 dagger k - 16 +0 darts (in quiver) Armor e - an uncursed +3 small shield (being worn) r - an uncursed +0 banded mail (being worn) Comestibles c - 2 uncursed food rations C - 2 uncursed fortune cookies F - an uncursed candy bar Scrolls g - an uncursed scroll of blank paper j - an uncursed scroll of enchant weapon n - an uncursed scroll of teleportation q - an uncursed scroll of fire s - a cursed scroll of identify v - an uncursed scroll of create monster Potions m - an uncursed potion of monster detection A - an uncursed potion of booze B - a cursed potion of sickness Rings G - an uncursed ring of levitation Wands u - a wand of polymorph (0:3) Tools p - an uncursed lock pick Spells and supernatural/magical abilities: Name Level Category Fail Memory W - pray for help -- divine ? -- Your skills at the end: Fighting Skills Weapon Skills dagger [Basic] long sword [Basic] Spellcasting Skills Final Attributes: You were piously aligned. You were cold resistant. You were telepathic. You had infravision. You were stealthy. You are dead. Vanquished creatures: The Oracle 3 rock piercers a guardian naga hatchling 3 giant ants a little dog 2 floating eyes a kobold shaman 4 rothes a giant bat an orc zombie a dwarf zombie an iguana a gas spore a giant rat a brown mold a yellow mold a gnome 2 geckos a fox 3 kobolds 3 goblins 3 sewer rats 6 grid bugs 5 lichens a kobold zombie 11 newts 60 creatures vanquished. Voluntary challenges: You had been an atheist until turn 2968. You used a wielded weapon 64 times, starting on turn 3. You read items or engraved 1 time, starting on turn 1644. You never genocided any monsters. You never polymorphed an object. You never changed form. You used no wishes. You never split a pudding. You wrote Elbereth's name 1 time, starting on turn 1644. You never violated your personal moral code. Dungeon overview: The Dungeons of Doom: levels 1 to 7 Level 1 a long staircase Level 2 some fountains, a sink Level 3 a hardware shop, a fountain stairs to The Gnomish Mines Level 4 Level 5 a general store, some fountains Level 6 an altar to Odin, a fountain Level 7 <- You were here some fountains The Gnomish Mines: Level 4 stairs to The Dungeons of Doom History has recorded: On T:1 you entered the Dungeons of Doom to retrieve the Amulet of Yendor! On T:131 you reached level 2 of The Dungeons of Doom. On T:189 you advanced to experience level 2. On T:487 you reached level 3 of The Dungeons of Doom. On T:836 you advanced to experience level 3. On T:921 you reached level 1 of The Gnomish Mines. On T:1243 you reached level 4 of The Dungeons of Doom. On T:1627 you reached level 5 of The Dungeons of Doom. On T:1820 you advanced to experience level 4. On T:2543 you advanced to experience level 5. On T:2592 you reached level 6 of The Dungeons of Doom. On T:3140 you reached level 7 of The Dungeons of Doom. On T:3217 you received advice from The Oracle. Score breakdown: Gold: 751 ( 9783 points) Experience: 5 levels (11141 points) Exploration: 7 levels ( 15.22%) (10954 points) Discoveries: 1 item ( 0.41%) ( 1912 points) Valuables value: (no points given unless you survive) Artifact value: 0 ( 0 points) Variety of kills: 26 monsters ( 6.82%) ( 7836 points) Turncount: 3239 turns ( -713 points) Survival: died (score multiplied by 80%) Total score: 32730 Latest messages: The water demon starts to attack you, but pulls back. The nalfeshnee starts to attack you, but pulls back. The water demon starts to attack you, but pulls back. The nalfeshnee drinks a brown potion! The nalfeshnee seems more experienced. The nalfeshnee starts to attack you, but pulls back. The water demon starts to attack you, but pulls back. You feel that Tyr is well-pleased. The nalfeshnee hits! The nalfeshnee misses. The nalfeshnee bites! The nalfeshnee casts a spell at you! Your gloves vanish! The nalfeshnee just misses! The nalfeshnee hits! The nalfeshnee bites! The nalfeshnee casts a spell at you! You suddenly feel weaker! The water demon hits! (2x) You die... Final status: Farvel Eve the Valkyrie, killed by a water demon... You died in The Dungeons of Doom on dungeon level 7 with 32730 points, and 751 pieces of gold, after 3239 moves. You were level 5 with a maximum of 65 hit points when you died.